 Dungeon Crawl Stone Soup version 0.31-a0-640-g39d97e502b (webtiles) character file.

Game seed: 9817493615415313897

76 qw the Shooter (level 4, -5/28 HPs)
             Began as a Gargoyle Hunter on Aug 27, 2023.
             Slain by Sigmund
             ... wielding a +3 scythe of venom
              (8 damage)
             ... on level 4 of the Dungeon.
             The game lasted 00:00:33 (1973 turns).

qw the Shooter (Gargoyle Hunter)                    Turns: 1973, Time: 00:00:34

Health: -5/28      AC:  8    Str: 14    XL:     4   Next: 32%
Magic:  4/4        EV: 10    Int: 10    God:
Gold:   103        SH:  0    Dex: 15    Spells: 3/3 levels left

rFire   + . .        Y - +0 shortbow (chaos)
rCold   . . .        (shield currently unavailable)
rNeg    + . .        c - +0 ring mail {rF+}
rPois   inf          (no helmet)
rElec   +            (no cloak)
rCorr   .            (no gloves)
SInv    .            (no boots)
Will    .....        (no amulet)
Stlth   +            (no ring)
HPRegen 0.24/turn    (no ring)
MPRegen 0.09/turn

%: no passive effects
@: no status effects
A: sickness immunity, AC +3, negative energy resistance 1, electricity
resistance, torment resistance 1, petrification resistance
a: no special abilities


You were on level 4 of the Dungeon.
You visited 1 branch of the dungeon, and saw 4 of its levels.

You collected 103 gold pieces.


Innate Abilities, Weirdness & Mutations

You are immune to sickness and miasma.
Your stone body is resilient. (AC +3)
You are immune to poison.
You resist negative energy. (rN+)
You are resistant to electric shocks. (rElec)
You are resistant to unholy torment.
You are immune to petrification.


   Skills:
 - Level 3.0 Fighting
 + Level 5.2 Ranged Weapons
 - Level 1.0 Armour
 - Level 1.5 Dodging
 - Level 1.1 Stealth


You had 3 spell levels left.
You didn't know any spells.
Your spell library was empty.

Inventory:

Hand Weapons
 Y - a +0 shortbow of chaos (weapon)
Armour
 c - a +0 ring mail of fire resistance (worn)
Potions
 a - a potion of heal wounds {unknown}
 e - a potion of degeneration {unknown}
 g - a potion of haste {unknown}

Dungeon Overview and Level Annotations

Branches:
Dungeon (4/15)
 Temple: D:4-7

Altars:
Makhleb
Sif Muna
Wu Jian

Annotations:
D:4 Sigmund


Message History

The ball python barely misses you. The ball python constricts you.
Sigmund points at you and mumbles some strange words.
You are more confused.
The ball python barely misses you. The ball python constricts you.
The ball python bites you but does no damage.
The ball python constricts you.
Sigmund smiles chillingly.
The ball python bites you. The ball python constricts you.
The ball python bites you but does no damage.
The ball python constricts you. The ball python bites you.
The ball python constricts you. Sigmund casts a spell at you.
The magic dart hits you. The ball python barely misses you.
The ball python constricts you.
Sigmund casts a spell.
Sigmund flickers and vanishes!
Deactivating autopickup; reactivate with Ctrl-A.
The ball python bites you but does no damage.
The ball python constricts you.
The ball python bites you but does no damage.
The ball python constricts you. Something hits you.
The ball python bites you but does no damage.
The ball python constricts you.
The ball python bites you but does no damage.
The ball python constricts you. Something hits you.
The ball python bites you but does no damage.
The ball python constricts you.
The ball python bites you but does no damage.
The ball python constricts you. Something hits you!
The ball python barely misses you. The ball python constricts you.
You feel less confused. The ball python bites you.
The ball python constricts you. Something completely misses you.
You shoot an arrow. The arrow hits the ball python!
You kill the ball python!
A magic dart appears from out of thin air!
The magic dart hits you.
1973 ||| STAIRDANCE Something hits you!
You die...

..#....... ...
.#...... ... .#
....... ....
...#)....#.....
.........#...
!......{.
#..).## #.@..#
#..%..# #.....#
#....## ###..#
####


There were no monsters in sight!

Vanquished Creatures
  4 adders (D:3)
  2 worms
  A dart slug (D:1)
  4 ball pythons
  3 endoplasms
  3 giant cockroaches
  4 goblins
  2 hobgoblins
  2 quokkas (D:1)
  3 bats
  A frilled lizard (D:2)
  2 kobolds (D:3)
  2 rats (D:1)
33 creatures vanquished.

Notes
Turn   | Place    | Note
-------+----------+-------------------------------------------
     0 | D:1      | qw the Gargoyle Hunter began the quest for the Orb.
     0 | D:1      | Reached XP level 1. HP: 12/12 MP: 1/1
     0 | D:1      | 0 ||| qw: Version: 0.3-a-74-g0d5e918
     0 | D:1      | 0 ||| qw: Game counter: 158
     0 | D:1      | 0 ||| qw: Melee chars always use a shield: true
     0 | D:1      | 0 ||| qw: God list: Okawaru
     0 | D:1      | 0 ||| qw: Allow faded altars: false
     0 | D:1      | 0 ||| qw: Do Orc after clearing Dungeon:15 true
     0 | D:1      | 0 ||| qw: Do second Lair branch before Depths: true
     0 | D:1      | 0 ||| qw: Lair rune preference: random
     0 | D:1      | 0 ||| qw: Goals: Normal
     0 | D:1      | 0 ||| PLANNING D:1-11
   226 | D:1      | Found a faded altar of an unknown god.
   229 | D:1      | Reached XP level 2. HP: 17/17 MP: 2/2
   920 | D:1      | 920 ||| READING scroll labelled RYAN NO COTWA.
   921 | D:1      | 921 ||| READING scroll labelled RYUMEGR ZUOKK.
   922 | D:1      | 922 ||| READING scroll labelled KETAOR SODEA.
   923 | D:1      | 923 ||| DROPPING scroll of butterflies.
  1259 | D:2      | Reached XP level 3. HP: 21/21 MP: 3/3
  1277 | D:2      | Reached skill level 5 in Ranged Weapons
  1481 | D:2      | 1481 ||| UPGRADING to +0 ring mail.
  1491 | D:2      | 1491 ||| DROPPING +0 leather armour.
  1492 | D:2      | 1492 ||| READING scroll labelled FIPHAY HEIRUAW.
  1493 | D:2      | 1493 ||| READING scroll labelled WOKLIDWOICAV.
  1535 | D:3      | Found a shimmering blue altar of Sif Muna.
  1557 | D:3      | Reached skill level 1 in Armour
  1668 | D:3      | Reached skill level 3 in Fighting
  1668 | D:3      | Reached XP level 4. HP: 25/28 MP: 4/4
  1721 | D:3      | Found a burning altar of Makhleb.
  1881 | D:3      | Found an ornate altar of the Wu Jian Council.
  1889 | D:3      | 1889 ||| UPGRADING to +0 ring mail of fire resistance.
  1899 | D:3      | 1899 ||| DROPPING +0 ring mail.
  1900 | D:3      | 1900 ||| READING scroll labelled JEC XOTYOLIOJISE.
  1919 | D:4      | Noticed Sigmund
  1921 | D:4      | 1921 ||| STAIRDANCE
  1969 | D:4      | HP: 7/28 [something (8)]
  1972 | D:4      | HP: 3/28 [something/magic dart (3)]
  1973 | D:4      | 1973 ||| STAIRDANCE
  1973 | D:4      | Slain by Sigmund

Levels and vault maps discovered:
D:1:      wheals_arrival_linesprint, layout_loops_ring,
          hellmonk_ecumenical_altar_zigzags
D:2:      layout_rooms, hangedman_decor_clover_reticule,
          kennysheep_big_empty_room, hangedman_decor_opposing
D:3:      layout_rooms, mainiacjoe_overflow_surrounded_room,
          pdpol_wu_jian_five_deadly_venoms, overflow_temple_1_default,
          kennysheep_nub
D:4:      layout_cave_pools, zin_statuary, uniq_sigmund

Skill      XL: |  1  2  3 |
---------------+----------+-----
Ranged Weapons | 5 |  5.2
Armour         | 1 |  1.0
Fighting       | 3 |  3.0
Dodging        | |  1.5
Stealth        | |  1.1

Action                     |  1- 3 |  4- 6 || total
---------------------------+-------+-------++-------
   Fire: Shortbow          |    84 |    22 ||   106
    Use: Scroll            |     5 |     1 ||     6
 Armour: Leather armour    |     7 |       ||     7
         Ring mail         |     9 |    10 ||    19
  Dodge: Dodged            |    15 |     7 ||    22

Table legend:
 A = Non-vault XP
 B = Vault XP
 C = Vault XP percentage of total XP
 D = Non-vault monster count
 E = Vault monster count
 F = Vault count percentage of total count
                 A         B        C        D         E       F
            +---------+---------+-------+---------+---------+-------
      Total |     109 |       0 |   0.0 |      33 |       0 |   0.0
            +---------+---------+-------+---------+---------+-------
        D:1 |      23 |       0 |   0.0 |      12 |       0 |   0.0
        D:2 |      18 |       0 |   0.0 |       9 |       0 |   0.0
        D:3 |      67 |       0 |   0.0 |      11 |       0 |   0.0
        D:4 |       1 |       0 |   0.0 |       1 |       0 |   0.0
            +---------+---------+-------+---------+---------+-------
